 Dungeon Crawl Stone Soup version 0.23-a0-481-g60b89c1 (webtiles) character file.

40 Lavandula the Gusty (level 3, 0/28 HPs)
             Began as a Naga Air Elementalist on Nov 29, 2018.
             Slain by a slave (4 damage)
             ... led by Pikel
             ... on level 4 of the Dungeon.
             The game lasted 00:04:21 (834 turns).

Lavandula the Gusty (Naga Air Elementalist)          Turns: 834, Time: 00:04:22

Health: 0/28       AC:  2    Str: 16    XL:     3   Next: 50%
Magic:  4/7        EV: 10    Int: 16    God:
Gold:   61         SH:  0    Dex: 11    Spells: 7/8 levels left

rFire    . . .     SeeInvis +   (no weapon)
rCold    . . .     Gourm    .   (no shield)
rNeg     . . .     Faith    .   a - +0 robe
rPois    +         Spirit   .   (no helmet)
rElec    .         Reflect  .   (no cloak)
rCorr    .         Harm     .   (no gloves)
MR       .....                  (no barding)
Stlth    ++........             (no amulet)
HPRegen  0.09/turn              i - +6 ring of strength
MPRegen  0.10/turn              (no ring)

@: short of breath, very slightly contaminated, very slow
A: large, see invisible, deformed body, poison resistance, slowness 2, slow
metabolism 1, spit poison 1, AC +1
a: Spit Poison


You were on level 4 of the Dungeon.
You were not hungry.

You visited 1 branch of the dungeon, and saw 4 of its levels.

You collected 61 gold pieces.

Inventory:

Armour
 a - a +0 robe (worn)
Jewellery
 i - a +6 ring of strength (left hand)
Scrolls
 d - 4 scrolls of identify {unknown}
 g - a scroll of magic mapping {unknown}
Potions
 b - a potion of haste {unknown}
 e - a potion of might {unknown}
 f - a potion of heal wounds {unknown}
Comestibles
 c - 4 rations
 h - 2 chunks of flesh


   Skills:
 - Level 1.5 Dodging
 - Level 3.0 Stealth
 - Level 3.0 Spellcasting
 - Level 1.0 Conjurations
 + Level 3.6 Air Magic


You had 7 spell levels left.
You knew the following spells:

 Your Spells              Type           Power        Failure   Level  Hunger
a - Shock                 Conj/Air       #...         8%          1    #......

Your spell library contained the following spells:

 Spells                   Type           Power        Failure   Level  Hunger
 Swiftness                Chrm/Air       #.......     14%         2    ##.....
 Static Discharge         Conj/Air       #.......     22%         3    ###....
 Airstrike                Air            ##........   38%         4    #####..
 Lightning Bolt           Conj/Air       #.........   90%         5    ######.


Dungeon Overview and Level Annotations

Branches:
Dungeon (4/15)
 Temple: D:4-7

Altars:
Elyvilon

Annotations:
D:4 Dowan, Pikel


Innate Abilities, Weirdness & Mutations

You cannot wear boots.
Your serpentine skin is tough. (AC +1)
You have supernaturally acute eyesight. (SInv)
Armour fits poorly on your strangely shaped body.
Your system is resistant to poisons. (rPois)
You cover ground very slowly.
You have a slow metabolism.
You can spit poison.


Message History

Press: ? - help, Shift-Dir - straight line, f/p - Pikel
Aim: Pikel, wielding a +2 whip of flaming and wearing a +0 robe You miscast Shock.
You are very lightly contaminated with residual magic.
Nothing appears to happen.
Pikel hits you with a +2 whip of flaming.
* * * LOW HITPOINT WARNING * * *
Pikel burns you.
* * * LOW HITPOINT WARNING * * *
Casting: Shock (safe; 8% risk of failure)
Confirm with . or Enter, or press ? or * to list all spells.
Aiming: Shock (safe; 8% risk of failure)
Press: ? - help, Shift-Dir - straight line, f/p - Pikel
Aim: Pikel, wielding a +2 whip of flaming and wearing a +0 robe The zap hits Pikel.
Pikel is lightly wounded.
The zap hits Pikel.
Pikel is lightly wounded.
The slave hits you.
You die...

###############
........[.K...##
####...#####..####
......#K#
#......######
##### #@#
#.p..#.......
#..p#
#.?....######
#...# ##....##
...... ......#
.#.........
.##...##
p.......### #...#
....!... #....
...###.. ... # #K#


You could see Pikel and a slave.

Vanquished Creatures
  A slave (D:4)
  An adder (D:2)
  A leopard gecko (D:4)
  An orc (D:2)
  3 goblins
  4 hobgoblins
  6 jackals
  A quokka (D:3)
  A ball python (D:4)
  2 bats (D:2)
  2 frilled lizards (D:2)
  2 kobolds
  5 rats
30 creatures vanquished.

Notes
Turn   | Place    | Note
-------+----------+-------------------------------------------
     0 | D:1      | Lavandula the Naga Air Elementalist began the quest for the
                  | Orb.
     0 | D:1      | Reached XP level 1. HP: 15/15 MP: 3/3
    53 | D:2      | Reached XP level 2. HP: 9/22 MP: 0/5
   355 | D:2      | Reached XP level 3. HP: 28/28 MP: 7/7
   557 | D:4      | Found a white marble altar of Elyvilon.
   563 | D:4      | Noticed Dowan
   583 | D:4      | Noticed a slave
   583 | D:4      | Noticed a slave
   583 | D:4      | Noticed a slave
   583 | D:4      | Noticed Pikel
   585 | D:4      | Noticed a slave
   799 | D:4      | Killed a slave
   834 | D:4      | Slain by a slave

Vault maps used:
D:1:      shiori_arrival_maze
D:3:      first_ration, serial_park_tiny_1, fedhas_altar_4,
          uniq_crazy_yiuf_cottage, uniq_sigmund
D:4:      kennysheep_little_box, okawaru_ov_weapons_minmay, uniq_duvessa,
          uniq_pikel

Skill      XL: |  1  2 |
---------------+-------+-----
Spellcasting   | 3 |  3.0
Dodging        | |  1.5
Stealth        | |  3.0
Conjurations   | |  1.0
Air Magic      | |  3.6

Action                   || total
-------------------------++-------
Melee: Unarmed           ||     5
 Cast: Shock             ||    29
 Abil: Spit Poison       ||    33
  Eat: Chunk             ||     1
Armor: Robe              ||    12
Dodge: Dodged            ||    37

Table legend:
 A = Non-vault XP
 B = Vault XP
 C = Vault XP percentage of total XP
 D = Non-vault monster count
 E = Vault monster count
 F = Vault count percentage of total count
                 A         B        C        D         E       F
            +---------+---------+-------+---------+---------+-------
      Total |      57 |       1 |   1.7 |      28 |       1 |   3.4
            +---------+---------+-------+---------+---------+-------
        D:1 |       0 |       1 | 100.0 |       0 |       1 | 100.0
        D:2 |      35 |       0 |   0.0 |      15 |       0 |   0.0
        D:3 |      10 |       0 |   0.0 |       7 |       0 |   0.0
        D:4 |      12 |       0 |   0.0 |       6 |       0 |   0.0
            +---------+---------+-------+---------+---------+-------
